 Dungeon Crawl Stone Soup version 0.19.0-22-gd96e5fe (webtiles) character file.

198 smedtjen the Firebug (level 5, 0/31 HPs)
             Began as a High Elf Fire Elementalist on Nov 19, 2016.
             Slain by Eustachio
             ... wielding a +2 rapier of speed
              (9 damage)
             ... on level 4 of the Dungeon.
             The game lasted 00:20:57 (5033 turns).

smedtjen the Firebug (High Elf Fire Elementalist)   Turns: 5033, Time: 00:20:57

Health: 0/31       AC:  4    Str: 12    XL:     5   Next: 47%
Magic:  1/12       EV: 13    Int: 19    God:
Gold:   195        SH:  0    Dex: 16    Spells: 2 memorised, 9 levels left

rFire  . . .     SeeInvis .     o - +1 short sword (elec)
rCold  + . .     Gourm    .     n - +1 robe {rC+}
rNeg   . . .     Faith    .     (no shield)
rPois  .         Spirit   .     (no helmet)
rElec  .         Reflect  .     (no cloak)
rCorr  .         Harm     .     j - +0 pair of gloves
MR     .....                    (no boots)
Stlth  ++........               x - amulet of regeneration
                                (no ring)
                                l - +5 ring of strength

@: very slightly contaminated
A: no striking features
a: no special abilities


You were on level 4 of the Dungeon.
You were not hungry.

You visited 1 branch of the dungeon, and saw 5 of its levels.

You collected 195 gold pieces.

Inventory:

Hand Weapons
 e - a +0 dagger
 m - a +0 blowgun
 o - a +1 short sword of electrocution (weapon)
 t - a +2 spear of pain
Missiles
 h - 110 stones
 i - 38 arrows
 q - 32 poisoned needles (quivered)
 s - 7 javelins
 v - 4 javelins of returning
Armour
 a - a +0 robe
 j - a +0 pair of gloves (worn)
 k - a +0 leather armour
 n - a +1 robe of cold resistance (worn)
Jewellery
 l - a +5 ring of strength (left hand)
 x - an amulet of regeneration (around neck)
Scrolls
 r - a scroll of random uselessness {unknown}
 u - 2 scrolls of enchant armour {unknown}
 w - a scroll of identify
 y - a scroll of teleportation {unknown}
Potions
 d - a potion of degeneration {unknown}
 z - a potion of flight {unknown}
Books
 b - a book of Flames

   Spells                             Type                      Level
   a - Flame Tongue                   Conjuration/Fire             1
   b - Throw Flame                    Conjuration/Fire             2
   c - Conjure Flame                  Conjuration/Fire             3
   d - Inner Flame                    Hexes/Fire                   3
   e - Sticky Flame                   Conjuration/Fire             4
   f - Fireball                       Conjuration/Fire             5
Comestibles
 c - a bread ration
 g - a royal jelly
 p - a beef jerky
 A - a meat ration


   Skills:
 + Level 2.5 Dodging
 + Level 2.6 Stealth
 + Level 4.1 Spellcasting
 + Level 2.5 Conjurations
 + Level 4.4 Fire Magic


You had 9 spell levels left.
You knew the following spells:

 Your Spells              Type           Power        Failure   Level  Hunger
a - Flame Tongue          Conj/Fire      ###..        3%          1    None
b - Throw Flame           Conj/Fire      ###...       6%          2    ##.....


Dungeon Overview and Level Annotations

Branches:
Dungeon (5/15)
 Temple: D:4-7

Altars:
Okawaru

Annotations:
D:4 Edmund, Eustachio


Message History

Eustachio barely misses you.
The iron imp hits you but does no damage.
The quasit closely misses you.
The quasit claws you but does no damage. x2
The crimson imp misses you.
Unknown command.
You hit Eustachio.
Eustachio is almost dead.
The quasit bites you.
The quasit claws you but does no damage.
The quasit closely misses you.
Eustachio hits you with a rapier of speed.
The crimson imp barely misses you. The iron imp hits you!
* * * LOW HITPOINT WARNING * * *
You miss Eustachio.
Eustachio is almost dead.
The quasit barely misses you. x2
The quasit claws you but does no damage.
Eustachio hits you with a rapier of speed!
You die...

##############
#............. #
###.###>########
#.#......@5# #
#.#.#.###@########.# ##
#........55...<...#
.####........#########.....#
............#### ..##.
..#...........# ##
##.#........##.#
##.§.÷.......##.#
#......÷........##.#
#.###.....########.####


You could see Eustachio, an iron imp, a quasit and a crimson imp.

Vanquished Creatures
  A centaur skeleton (D:4)
  A worker ant (D:3)
  Robin (D:3)
  5 adders
  An ooze (D:1)
  2 worms
  A leopard gecko (D:2)
  4 orcs
  3 giant cockroaches
  10 goblins
  10 hobgoblins
  5 jackals
  12 kobolds
  2 quokkas
  A ball python (D:1)
  7 bats
  7 frilled lizards
  4 rats
77 creatures vanquished.

Notes
Turn   | Place    | Note
-------+----------+-------------------------------------------
     0 | D:1      | smedtjen the High Elf Fire Elementalist began the quest for the Orb.
     0 | D:1      | Reached XP level 1. HP: 11/11 MP: 4/4
   665 | D:1      | Reached XP level 2. HP: 17/17 MP: 3/6
   673 | D:1      | Learned a level 2 spell: Throw Flame
   975 | D:1      | You fall through a shaft!
  1183 | D:2      | Reached XP level 3. HP: 13/21 MP: 0/8
  1955 | D:2      | Found an iron altar of Okawaru.
  2990 | D:3      | Reached XP level 4. HP: 27/27 MP: 7/10
  3048 | D:3      | Noticed Robin
  4113 | D:3      | Reached XP level 5. HP: 31/31 MP: 3/12
  4403 | D:3      | Killed Robin
  4894 | D:4      | Noticed Eustachio
  4903 | D:4      | Noticed Edmund
  4931 | D:5      | Entered Level 5 of the Dungeon
  5033 | D:4      | Slain by Eustachio

Skill      XL: |  1  2  3  4 |
---------------+-------------+-----
Spellcasting   | 3 4 |  4.1
Fire Magic     | 4 |  4.4
Conjurations   | 2 |  2.5
Dodging        | |  2.5
Stealth        | |  2.6

Action                   |  1- 3 |  4- 6 || total
-------------------------+-------+-------++-------
Melee: Dagger            |    21 |     1 ||    22
       Unarmed           |     1 |       ||     1
       Short sword       |       |     9 ||     9
 Cast: Flame Tongue      |    48 |    41 ||    89
       Throw Flame       |    29 |    40 ||    69
  Use: Scroll            |       |     7 ||     7
       Potion            |       |     2 ||     2
  Eat: Chunk             |     5 |     3 ||     8
       Meat ration       |     1 |     1 ||     2
Armor: Robe              |    19 |    12 ||    31
Dodge: Dodged            |    43 |    64 ||   107
